 Dungeon Crawl Stone Soup version 0.29.1-15-g9cfb28693d (webtiles) character file.

Game seed: 16949725189335364596

1532 H0rd4k the Magician (level 8, -5/54 (55) HPs)
             Began as an Octopode Artificer on Apr 12, 2023.
             Slain by a wight
             ... wielding a +2 morningstar of freezing
              (7 damage)
             ... on level 6 of the Dungeon.
             The game lasted 00:06:08 (6729 turns).

H0rd4k the Magician (Octopode Artificer)            Turns: 6729, Time: 00:06:09

HP:   -5/54 (55)    AC:  5    Str: 11    XL:     8   Next: 85%
MP:   16/16         EV: 13    Int: 16    God:
Gold: 327           SH:  0    Dex: 12    Spells: 16/18 levels left

rFire   + . .      SeeInvis .     - Unarmed
rCold   x . .      Faith    .   (no shield)
rNeg    . . .      Spirit   .   (helmet restricted)
rPois   +          Reflect  .   (no amulet)
rElec   .          Harm     .   a - ring of fire
rCorr   .          Rampage  .   p - ring of poison resistance
Will    .....                   w - +4 ring of protection
Stlth   +++.......              (no ring)
HPRegen 0.18/turn               (no ring)
MPRegen 0.15/turn               (no ring)
                                (no ring)
                                (no ring)

@: marked, lightly drained
A: almost no armour, amphibious, 8 rings, camouflage 1, gelatinous body 1,
(nimble swimmer 1), tentacles
a: no special abilities


You were on level 6 of the Dungeon.
You visited 2 branches of the dungeon, and saw 7 of its levels.
You also visited: Ossuary.

You collected 327 gold pieces.

Inventory:

Missiles
 n - 12 poisoned darts
Jewellery
 a - a ring of fire (left tentacle)
 p - a ring of poison resistance (right tentacle)
 v - a ring of fire
 w - a +4 ring of protection (on tentacle)
 x - a ring of protection from cold
 F - an amulet of magic regeneration
Wands
 c - a wand of charming (6)
 E - a wand of flame (9)
Scrolls
 b - a scroll of enchant armour {unknown}
 d - a scroll of vulnerability {unknown}
 g - 6 scrolls of identify {unknown}
 h - 2 scrolls of teleportation {unknown}
 j - 3 scrolls of poison {unknown}
 l - a scroll of torment {unknown}
 r - a scroll of magic mapping {unknown}
 s - 2 scrolls of enchant weapon {unknown}
 t - a scroll of brand weapon {unknown}
 y - a scroll of fear {unknown}
 B - a scroll of blinking {unknown}
 C - a scroll of immolation {unknown}
Potions
 e - 2 potions of heal wounds {unknown}
 f - 2 potions of haste {unknown}
 i - 2 potions of lignification {unknown}
 k - 4 potions of brilliance {unknown}
 m - 8 potions of curing {unknown}
 o - a potion of ambrosia {unknown}
 q - 3 potions of flight {unknown}
 u - 2 potions of mutation {unknown}
 z - 2 potions of attraction {unknown}
 A - a potion of degeneration {unknown}
 D - a potion of berserk rage {unknown}


   Skills:
 + Level 5.3 Fighting
 - Level 2.3 Dodging
 - Level 1.3 Stealth
 - Level 3.7 Unarmed Combat
 * Level 5.6 Spellcasting
 * Level 5.2 Translocations
 - Level 3.2 Evocations


You had 16 spell levels left.
You knew the following spells:

 Your Spells              Type           Power      Damage    Failure   Level
a - Blink                 Tloc           42%        N/A       2%          2

Your spell library contained the following spells:

 Spells                   Type           Power      Damage    Failure   Level
 Lesser Beckoning         Tloc           21%        N/A       4%          3
 Manifold Assault         Tloc           21%        N/A       41%         5


Dungeon Overview and Level Annotations

Branches:
Dungeon (6/15)             Temple (1/1) D:5         Ossuary (visited)

Altars:
Ashenzari
Cheibriados
Dithmenos
Elyvilon
Fedhas
Makhleb
Nemelex Xobeh
Qazlal
Ru
Sif Muna
Trog
Uskayaw
Vehumet
Wu Jian
Xom
Yredelemnul
Zin
The Shining One

Annotations:
D:4 2 transporters, Artemis2's ghost, amateur GrEE


Innate Abilities, Weirdness & Mutations

You cannot wear most types of armour.
You are amphibious.
You can wear up to eight rings at the same time.
Your skin changes colour to match your surroundings (Stealth+).
Your rubbery body absorbs attacks. (AC +1, EV +1)
((You are camouflaged when in or above water. (Stealth+)))
You have tentacles for arms and can constrict up to eight enemies at once.


Message History

Aim: an ogre, wielding a +0 giant spiked club (chance to affect: 57%)
The ogre is charmed.
Unknown command.
What are your orders? t - Shout!
Orders for allies: a - Attack new target. p - Attack previous target. r - Retreat! s - Stop attacking. g - Guard the area. f - Follow me.
Anything else - Cancel.
Guard this area!
An iguana comes into view.
Your ogre hits the wight with a +0 giant spiked club!
The wight is destroyed!
A scorpion comes into view.
Your ogre misses the wight.
Your ogre barely misses the wight.
A hound comes into view.
Your ogre hits the wight with a +0 giant spiked club.
A sky beast comes into view.
You closely miss the wight. Your grab misses the wight. You squeeze the wight.
The wight is heavily damaged.
You closely miss the wight. Your grab misses the wight.
The wight is heavily damaged.
The wight barely misses you.
The wight hits you with a +2 morningstar of freezing.
The wight freezes you. The iguana bites your ogre!
You closely miss the wight. You grab the wight. You squeeze the wight.
The wight is severely damaged.
You constrict the wight. The hound barely misses your ogre.
The wight hits you with a +0 dagger!
You feel drained.
The wight hits you with a +2 morningstar of freezing!
The wight freezes you. The scorpion stings your ogre.
The hound bites your ogre.
Your ogre closely misses the hound.
You tentacle-slap the wight but do no damage.
You squeeze the wight.
You destroy the wight!
The wight hits you with a +2 morningstar of freezing!
* * * LOW HITPOINT WARNING * * *
The wight freezes you!
You die...

########....##+#
###...# ###.....+
#.......#
#.......##+##
#............ .
#.......######..
######.h..)..........
#...@)OsY....###.....
#....z.l......)..# ..
#.............####...
#.............)......
#.....########s...#.)
#.....#######..##...#
########..........#..
........z###....
##.#....z# ..#


You could see a sky beast, a scorpion, an iguana, a hound (ally target), a wight
and a friendly ogre (charmed).

Vanquished Creatures
  Grinder (D:4)
  Menkaure (D:5)
  A water moccasin (D:5)
  Pargi (D:4)
  An ogre (D:3)
  A centaur (D:4)
  A phantom (D:5)
  2 scorpions (D:5)
  A necrophage (D:5)
  2 wights (D:6)
  A howler monkey (D:6)
  A jelly (D:5)
  Terence (D:2)
  An orc wizard (D:3)
  A mummy (Ossuary)
  6 gnolls
  8 adders
  4 worms
  2 dart slugs
  10 orcs
  2 spectral bats (Ossuary)
  2 bats (D:2)
  A bat simulacrum (Ossuary)
  7 endoplasms
  5 giant cockroaches
  12 gnoll zombies (Ossuary)
  5 goblins
  12 hobgoblins
  12 jackals
  3 quokkas
  7 ball pythons
  4 frilled lizards (D:1)
  3 goblin simulacra (Ossuary)
  6 goblin zombies (Ossuary)
  3 hobgoblin zombies (Ossuary)
  7 kobolds
  3 kobold simulacra (Ossuary)
  7 kobold zombies (Ossuary)
  2 orc zombies (Ossuary)
  6 rats
  3 rat simulacra (Ossuary)
  A spectral goblin (Ossuary)
  5 spectral kobolds
  4 spectral rats (Ossuary)
169 creatures vanquished.

Vanquished Creatures (collateral kills)
  2 wights (D:6)
  A gnoll (D:6)
  An orc (D:3)
  2 goblins (D:3)
  A kobold (D:3)
7 creatures vanquished.

Vanquished Creatures (others)
  A gnoll (D:6)
  An adder (D:2)
  A kobold (D:4)
  4 fungi (D:4)
  14 plants
21 creatures vanquished.

Grand Total: 197 creatures vanquished

Notes
Turn   | Place    | Note
-------+----------+-------------------------------------------
     0 | D:1      | H0rd4k the Octopode Artificer began the quest for the Orb.
     0 | D:1      | Reached XP level 1. HP: 13/13 MP: 1/1
    83 | D:1      | Reached XP level 2. HP: 1/18 MP: 2/2
   552 | D:1      | Reached skill level 1 in Spellcasting
   834 | D:1      | Found a faded altar of an unknown god.
   900 | D:1      | Reached XP level 3. HP: 22/24 MP: 4/4
  1098 | D:1      | Reached skill level 1 in Unarmed Combat
  1272 | D:2      | Reached XP level 4. HP: 7/30 MP: 6/6
  1731 | D:2      | Noticed Terence
  1748 | D:2      | Killed Terence
  1920 | D:2      | Found a burning altar of Makhleb.
  2563 | D:3      | Reached XP level 5. HP: 24/35 MP: 8/8
  3218 | D:3      | Noticed an ogre
  3277 | D:3      | Killed an ogre
  3278 | D:3      | Reached XP level 6. HP: 42/42 MP: 9/9
  3358 | D:3      | Learned a level 2 spell: Blink
  3476 | D:4      | Identified the +5 trident of Arrival {venom, rPois Str+4}
  3551 | D:4      | Found a hide-covered altar of Uskayaw.
  3552 | D:4      | Noticed Pargi
  3563 | D:4      | Killed Pargi
  3564 | D:4      | Reached skill level 1 in Translocations
  3815 | D:4      | Noticed Grinder
  3821 | D:4      | Paralysed by Grinder for 2 turns
  3827 | D:4      | Noticed Artemis2's ghost (amateur GrEE)
  3842 | D:4      | Killed Grinder
  3843 | D:4      | Reached XP level 7. HP: 27/47 MP: 10/12
  4035 | D:4      | Found a blossoming altar of Fedhas.
  4704 | D:4      | Found a transporter.
  4768 | D:4      | Found a transporter.
  4816 | D:5      | Entered Level 5 of the Dungeon
  5021 | D:5      | Reached XP level 8. HP: 31/54 MP: 14/14
  5035 | D:5      | Found a sand-covered staircase.
  5061 | Ossuary  | Entered an ossuary
  5640 | D:5      | Found a staircase to the Ecumenical Temple.
  5743 | Temple   | Entered the Ecumenical Temple
  5743 | Temple   | Found a transporter.
  5743 | Temple   | Found a transporter.
  5745 | Temple   | Found a transporter.
  5745 | Temple   | Found a transporter.
  5860 | D:5      | Noticed Menkaure
  5866 | D:5      | Killed Menkaure
  5867 | D:5      | Reached skill level 5 in Spellcasting
  6464 | D:6      | Found a burning altar of Makhleb.
  6475 | D:6      | Reached skill level 5 in Fighting
  6688 | D:6      | Reached skill level 5 in Translocations
  6729 | D:6      | HP: 2/54 [wight/+2 morningstar of freezing (15)]
  6729 | D:6      | Slain by a wight

Illustrated notes

Levels and vault maps discovered:
D:1:      minmay_arrival_hallway, layout_basic,
          dreamdust_ecumenical_altar_drowned_temple, interstate_on_off
D:2:      layout_rooms, basic_altar, st_stairs_12, serial_bayou_crossing,
          uniq_terence
D:3:      layout_rooms
D:4:      layout_layer_cave, amcnicky_altar_gilded, fedhas_altar_3,
          cheibrodos_sewer_entry_bend, gammafunk_ghost_gnarly_gnolls,
          uniq_pargi, uniq_grinder
D:5:      layout_basic, minmay_temple_entry_glass,
          nicolae_ossuary_entry_monument, uniq_menkaure
D:6:      layout_rooms, makhleb_altar_promises_db, minmay_liquid_box
Temple:   hellmonk_temple_divided_pantheon

Skill      XL: |  1  2  3  4  5  6  7  8 |
---------------+-------------------------+-----
Spellcasting   | 1 2 3 4 5 |  5.6
Fighting       | 2 3 4 5 |  5.3
Unarmed Combat | 1 2 3 |  3.7
Translocations | 2 3 5 |  5.2
Dodging        | |  2.3
Stealth        | |  1.3
Evocations     | |  3.2

Action                   |  1- 3 |  4- 6 |  7- 9 || total
-------------------------+-------+-------+-------++-------
Melee: Unarmed           |    89 |   111 |   234 ||   434
       Tentacles         |    25 |    29 |    71 ||   125
       Constrict         |    22 |    25 |    59 ||   106
       Punch             |     2 |     4 |     8 ||    14
Evoke: Wand              |     2 |    19 |     8 ||    29
 Stab: Sleeping          |     7 |     4 |    18 ||    29
Armor: Skin              |     6 |    23 |    46 ||    75
Dodge: Dodged            |    53 |    81 |   139 ||   273
